IL
ROCHESTER RED WINGS @ PAWTUCKET RED SOX
09/07/2098
 
TOP OF THE 1ST
Rochester Red Wings batting - Pitching for Pawtucket Red Sox : RHP Alan Richardson
Pitching: RHP Alan Richardson
Batting: RHB Danny Strickland 0-0: Called Strike
0-1: Foul Ball, location: 2F
0-2: Strikes out looking
Batting: RHB Eric Harrell 0-0: Ball
1-0: Ball
2-0: Called Strike
2-1: Ball
3-1: Base on Balls
Batting: RHB Danny Jacob 0-0: Fly out, F7 (Flyball, 7, EV 89.4 MPH)
Batting: RHB Justin Bradshaw 0-0: Ball
1-0: Fly out, F3 (Popup, 34S, EV 76.3 MPH)
Top of the 1st over - 0 runs, 0 hits, 0 errors, 1 left on base; Rochester 0 - Pawtucket 0
BOTTOM OF THE 1ST
Pawtucket Red Sox batting - Pitching for Rochester Red Wings : LHP Nick Kaiser
Pitching: LHP Nick Kaiser
Batting: RHB Antonio Torres 0-0: Fly out, F3 (Popup, 3SF, EV 69.4 MPH)
Batting: RHB Eddie Chavez 0-0: Ball
1-0: Ball
2-0: Ground out 5-3 (Groundball, 56, EV 101.3 MPH)
Batting: SHB Chris Pierce 0-0: Called Strike
0-1: Ball
1-1: Foul Ball, location: 9LMF
1-2: Foul Ball, location: 2F
1-2: Ball
2-2: Ball
3-2: Fly out, F8 (Flyball, 8RS, EV 88.1 MPH)
Bottom of the 1st over - 0 runs, 0 hits, 0 errors, 0 left on base; Rochester 0 - Pawtucket 0
TOP OF THE 2ND
Rochester Red Wings batting - Pitching for Pawtucket Red Sox : RHP Alan Richardson
Batting: RHB Jeremy Wallace 0-0: Ball
1-0: Ground out 4-3 (Groundball, 4, EV 86.9 MPH)
Batting: RHB Eddie Pizana 0-0: Called Strike
0-1: Swinging Strike
0-2: Fly out, F8 (Flyball, 8RS, EV 85.6 MPH)
Batting: RHB Kasey Ramos 0-0: Ball
1-0: Ground out 6-3 (Groundball, 6M, EV 87.5 MPH)
Top of the 2nd over - 0 runs, 0 hits, 0 errors, 0 left on base; Rochester 0 - Pawtucket 0
BOTTOM OF THE 2ND
Pawtucket Red Sox batting - Pitching for Rochester Red Wings : LHP Nick Kaiser
Batting: RHB Alvaro Madera 0-0: SINGLE (Line Drive, 6MD, EV 98.8 MPH)
Batting: RHB Ryan Rynard 0-0: Ball
1-0: Foul Ball, location: 3SF
1-1: Swinging Strike
1-2: SINGLE (Line Drive, 34, EV 95.0 MPH)
Alvaro Madera to second
Batting: RHB Carlos Chaidez 0-0: Called Strike
0-1: SINGLE (Line Drive, 3D, EV 100.6 MPH)
Alvaro Madera to third
Ryan Rynard to second
Batting: RHB Chris Barley 0-0: Ball
1-0: Ball
2-0: Foul Ball, location: 23F
2-1: Swinging Strike
2-2: Ball
3-2: Foul Ball, location: 2F
3-2: Foul Ball, location: 2F
3-2: Base on Balls
Alvaro Madera scores
Ryan Rynard to third
Carlos Chaidez to second
Batting: LHB Ryan McFall 0-0: Called Strike
0-1: Called Strike
0-2: Foul Ball, location: 2F
0-2: Ball
1-2: Fly out, F9 (Flyball, 89D, EV 93.1 MPH)
Runner from 3rd tags up, SCORES, throw by RF
Carlos Chaidez to third
Batting: RHB Matt Knoles 0-0: Foul Ball, location: 2F
0-1: Called Strike
0-2: Ball
1-2: Strikes out looking
Batting: RHB Antonio Torres 0-0: Ball
1-0: Fielders Choice at 2nd, 6-4 (Groundball, 6, EV 91.9 MPH)
Bottom of the 2nd over - 2 runs, 3 hits, 0 errors, 2 left on base; Rochester 0 - Pawtucket 2
TOP OF THE 3RD
Rochester Red Wings batting - Pitching for Pawtucket Red Sox : RHP Alan Richardson
Batting: RHB Roy Parks 0-0: Ground out U3 (Groundball, 34, EV 101.9 MPH)
Batting: LHB Devin Lotts 0-0: Ball
1-0: Ball
2-0: Fly out, F9 (Flyball, 89D, EV 110.6 MPH)
Batting: RHB Danny Strickland 0-0: Foul Ball, location: 2F
0-1: Foul Ball, location: 9LSF
0-2: Ball
1-2: Ball
2-2: Foul Ball, location: 2F
2-2: Ball
3-2: Strikes out swinging
Top of the 3rd over - 0 runs, 0 hits, 0 errors, 0 left on base; Rochester 0 - Pawtucket 2
BOTTOM OF THE 3RD
Pawtucket Red Sox batting - Pitching for Rochester Red Wings : LHP Nick Kaiser
Batting: RHB Eddie Chavez 0-0: Called Strike
0-1: Swinging Strike
0-2: Ball
1-2: Foul Ball, location: 5FF
1-2: Strikes out swinging, 2-3 out at first.
Batting: SHB Chris Pierce 0-0: Foul Ball, location: 5F
0-1: Ball
1-1: Ground out 5-3 (Groundball, 56, EV 105.0 MPH)
Batting: RHB Alvaro Madera 0-0: Swinging Strike
0-1: Ball
1-1: Ball
2-1: SOLO HOME RUN (Flyball, 78XD, EV 95.0 MPH), Distance : 385 ft
Batting: RHB Ryan Rynard 0-0: Ball
1-0: Ball
2-0: Foul Ball, location: 23F
2-1: Ball
3-1: Ground out 4-3 (Groundball, 4, EV 81.3 MPH)
Bottom of the 3rd over - 1 run, 1 hit, 0 errors, 0 left on base; Rochester 0 - Pawtucket 3
TOP OF THE 4TH
Rochester Red Wings batting - Pitching for Pawtucket Red Sox : RHP Alan Richardson
Batting: RHB Eric Harrell 0-0: Ball
1-0: Called Strike
1-1: Foul Ball, location: 2F
1-2: Ball
2-2: Fly out, F9 (Flyball, 89S, EV 91.3 MPH)
Batting: RHB Danny Jacob 0-0: Ball
1-0: Foul Ball, location: 2LF
1-1: Ball
2-1: Ball
3-1: Ground out 5-3 (Groundball, 56S, EV 91.3 MPH)
Batting: RHB Justin Bradshaw 0-0: Ball
1-0: Foul Ball, location: 2F
1-1: Foul Ball, location: 3SF
1-2: Ball
2-2: Foul Ball, location: 23F
2-2: Ball
3-2: Foul Ball, location: 3DF
3-2: Strikes out swinging
Top of the 4th over - 0 runs, 0 hits, 0 errors, 0 left on base; Rochester 0 - Pawtucket 3
BOTTOM OF THE 4TH
Pawtucket Red Sox batting - Pitching for Rochester Red Wings : LHP Nick Kaiser
Batting: RHB Carlos Chaidez 0-0: Ball
1-0: Ball
2-0: Called Strike
2-1: Foul Ball, location: 9LMF
2-2: Ground out 4-3 (Groundball, 34D, EV 95.6 MPH)
Batting: RHB Chris Barley 0-0: Foul Ball, location: 9LSF
0-1: SINGLE (Groundball, 56, EV 97.5 MPH)
Batting: LHB Ryan McFall 0-0: Swinging Strike
0-1: Swinging Strike
0-2: Ball
1-2: Foul Ball, location: 2F
1-2: Ball
2-2: Fly out, F8 (Flyball, 8LD, EV 106.9 MPH)
Batting: RHB Matt Knoles 0-0: Foul Ball, location: 3F
0-1: Foul Ball, location: 7LSF
0-2: Ball
1-2: Ball
2-2: Fielders Choice at 2nd, 5-4 (Groundball, 56, EV 78.8 MPH)
Bottom of the 4th over - 0 runs, 1 hit, 0 errors, 1 left on base; Rochester 0 - Pawtucket 3
TOP OF THE 5TH
Rochester Red Wings batting - Pitching for Pawtucket Red Sox : RHP Alan Richardson
Batting: RHB Jeremy Wallace 0-0: Called Strike
0-1: Ball
1-1: Ball
2-1: Ground out 5-3 (Groundball, 5D, EV 97.5 MPH)
Batting: RHB Eddie Pizana 0-0: Ground out 6-3 (Groundball, 6, EV 85.6 MPH)
Batting: RHB Kasey Ramos 0-0: Ball
1-0: Ball
2-0: Swinging Strike
2-1: Foul Ball, location: 2F
2-2: Fly out, F3 (Popup, 3F, EV 73.1 MPH)
Top of the 5th over - 0 runs, 0 hits, 0 errors, 0 left on base; Rochester 0 - Pawtucket 3
BOTTOM OF THE 5TH
Pawtucket Red Sox batting - Pitching for Rochester Red Wings : LHP Nick Kaiser
Batting: RHB Antonio Torres 0-0: Foul Ball, location: 7LDF
0-1: Called Strike
0-2: Foul Ball, location: 5F
0-2: Ball
1-2: Ball
2-2: Fly out, F8 (Flyball, 8LS, EV 88.8 MPH)
Batting: RHB Eddie Chavez 0-0: Foul Ball, location: 5F
0-1: SINGLE (Groundball, 3D, EV 105.6 MPH)
Batting: SHB Chris Pierce 0-0: Ball
1-0: Called Strike
1-1: Ball
2-1: Called Strike
2-2: Foul Ball, location: 2F
2-2: Ball
3-2: SINGLE (Groundball, 6M, EV 90.0 MPH) (infield hit)
Eddie Chavez to second
Batting: RHB Alvaro Madera 0-0: Swinging Strike
0-1: Called Strike
0-2: Ball
1-2: Ball
Passed Ball!
Eddie Chavez to third
Chris Pierce to second
2-2: Ball
3-2: Foul Ball, location: 2F
3-2: Foul Ball, location: 9LMF
3-2: Foul Ball, location: 9LMFF
3-2: Base on Balls
Batting: RHB Ryan Rynard 0-0: Ball
1-0: Foul Ball, location: 2F
1-1: Foul Ball, location: 3DF
1-2: Fly out, F4 (Popup, 4MD, EV 68.1 MPH)
Batting: RHB Carlos Chaidez 0-0: Ball
1-0: Foul Ball, location: 9LDF
1-1: Ball
2-1: Called Strike
2-2: Strikes out swinging
Bottom of the 5th over - 0 runs, 2 hits, 0 errors, 3 left on base; Rochester 0 - Pawtucket 3
TOP OF THE 6TH
Rochester Red Wings batting - Pitching for Pawtucket Red Sox : RHP Alan Richardson
Batting: RHB Roy Parks 0-0: Ball
1-0: Ball
2-0: Ground out 4-3 (Groundball, 4S, EV 86.3 MPH)
Batting: LHB Devin Lotts 0-0: Foul Ball, location: 2F
0-1: Ball
1-1: Swinging Strike
1-2: SINGLE (Line Drive, 4M, EV 104.4 MPH)
Batting: RHB Danny Strickland 0-0: Ball
1-0: Called Strike
1-1: Ball
2-1: Grounds into double play, 6-4-3 (Groundball, 6M, EV 81.3 MPH)
Top of the 6th over - 0 runs, 1 hit, 0 errors, 0 left on base; Rochester 0 - Pawtucket 3
BOTTOM OF THE 6TH
Pawtucket Red Sox batting - Pitching for Rochester Red Wings : LHP Nick Kaiser
Batting: RHB Chris Barley 0-0: Called Strike
0-1: Ball
1-1: Called Strike
1-2: Strikes out swinging
Batting: LHB Ryan McFall 0-0: Ball
1-0: Ball
2-0: Ball
3-0: Ground out 6-3 (Groundball, 6, EV 82.5 MPH)
Batting: RHB Matt Knoles 0-0: SINGLE (Groundball, 34D, EV 96.9 MPH)
Pitching: RHP Dan Carrington
Batting: RHB Antonio Torres 0-0: Ground out 4-3 (Groundball, 4, EV 83.8 MPH)
Bottom of the 6th over - 0 runs, 1 hit, 0 errors, 1 left on base; Rochester 0 - Pawtucket 3
TOP OF THE 7TH
Rochester Red Wings batting - Pitching for Pawtucket Red Sox : RHP Alan Richardson
Now at 1B: John Bishop
Batting: RHB Eric Harrell 0-0: Swinging Strike
0-1: Ball
1-1: Ball
2-1: Ball
3-1: SINGLE (Groundball, 34D, EV 101.9 MPH)
Batting: RHB Danny Jacob 0-0: Foul Ball, location: 2F
0-1: Ball
1-1: SINGLE (Line Drive, 78M, EV 85.6 MPH)
Eric Harrell to second
Batting: RHB Justin Bradshaw 0-0: Foul Ball, location: 9LDF
0-1: Ball
1-1: Foul Ball, location: 2F
1-2: Ball
2-2: Strikes out swinging
Batting: RHB Jeremy Wallace 0-0: Ball
1-0: Called Strike
1-1: Ball
2-1: Fielders Choice at 2nd, 3-6 (Groundball, 34, EV 106.3 MPH)
Eric Harrell to third
Batting: RHB Eddie Pizana 0-0: Called Strike
0-1: Foul Ball, location: 2F
0-2: Foul Ball, location: 23F
0-2: Ball
1-2: Ball
2-2: Fielders Choice at 2nd, 6-4 (Groundball, 6, EV 85.0 MPH)
Top of the 7th over - 0 runs, 2 hits, 0 errors, 2 left on base; Rochester 0 - Pawtucket 3
BOTTOM OF THE 7TH
Pawtucket Red Sox batting - Pitching for Rochester Red Wings : RHP Dan Carrington
Batting: RHB Eddie Chavez 0-0: Ball
1-0: Swinging Strike
1-1: Ground out 4-3 (Groundball, 4, EV 92.5 MPH)
Batting: SHB Chris Pierce 0-0: Foul Ball, location: 9LMF
0-1: Foul Ball, location: 2F
0-2: Ball
1-2: Ball
2-2: Ball
3-2: Fly out, F7 (Flyball, 7D, EV 110.0 MPH)
Batting: RHB Alvaro Madera 0-0: Foul Ball, location: 9LMF
0-1: Swinging Strike
0-2: Ball
1-2: DOUBLE (Flyball, 8LXD, EV 100.0 MPH)
Batting: RHB Ryan Rynard 0-0: Swinging Strike
0-1: Swinging Strike
0-2: Ball
1-2: SINGLE (Line Drive, 9S, EV 98.1 MPH)
Alvaro Madera to third
Runner from 3rd tries for Home, SAFE, throw by RF to home
Batting: RHB Carlos Chaidez 0-0: Foul Ball, location: 2F
0-1: Foul Ball, location: 2F
0-2: Ball
1-2: Ball
2-2: Foul Ball, location: 2F
2-2: SINGLE (Line Drive, 8RS, EV 106.3 MPH)
Ryan Rynard to second
Batting: RHB Chris Barley 0-0: Ball
1-0: Called Strike
1-1: Foul Ball, location: 2F
1-2: Ball
2-2: Ball
3-2: Foul Ball, location: 3F
3-2: Fly out, F8 (Flyball, 8LXD, EV 107.5 MPH)
Bottom of the 7th over - 1 run, 3 hits, 0 errors, 2 left on base; Rochester 0 - Pawtucket 4
TOP OF THE 8TH
Rochester Red Wings batting - Pitching for Pawtucket Red Sox : RHP Alan Richardson
Batting: RHB Kasey Ramos 0-0: Ball
1-0: Foul Ball, location: 9LMF
1-1: Ball
2-1: Foul Ball, location: 7LSF
2-2: Foul Ball, location: 3DF
2-2: Foul Ball, location: 7LSF
2-2: Foul Ball, location: 7LMF
2-2: Ball
3-2: Base on Balls
Batting: RHB Roy Parks 0-0: Called Strike
0-1: Ball
1-1: Foul Ball, location: 5DF
1-2: Ball
2-2: Strikes out looking
Pitching: LHP Allen Reeves
Batting: LHB Devin Lotts 0-0: Fly out, F7 (Flyball, 78S, EV 81.9 MPH)
Batting: RHB Danny Strickland 0-0: Foul Ball, location: 23FF
0-1: Foul Ball, location: 9LSF
0-2: Strikes out swinging, 2-3 out at first.
Top of the 8th over - 0 runs, 0 hits, 0 errors, 1 left on base; Rochester 0 - Pawtucket 4
BOTTOM OF THE 8TH
Pawtucket Red Sox batting - Pitching for Rochester Red Wings : RHP Dan Carrington
Batting: LHB Ryan McFall 0-0: Ball
1-0: Foul Ball, location: 23F
1-1: Ball
2-1: Called Strike
2-2: Ground out 4-3 (Groundball, 4, EV 84.4 MPH)
Batting: RHB Matt Knoles 0-0: Called Strike
0-1: Ball
1-1: Fly out, F9 (Flyball, 9S, EV 91.3 MPH)
Batting: RHB John Bishop 0-0: Ball
1-0: Ground out 4-3 (Groundball, 4, EV 83.8 MPH)
Bottom of the 8th over - 0 runs, 0 hits, 0 errors, 0 left on base; Rochester 0 - Pawtucket 4
TOP OF THE 9TH
Rochester Red Wings batting - Pitching for Pawtucket Red Sox : LHP Allen Reeves
Batting: RHB Eric Harrell 0-0: Called Strike
0-1: Ball
1-1: Ground out 6-3 (Groundball, 6, EV 84.4 MPH)
Batting: RHB Danny Jacob 0-0: Called Strike
0-1: Called Strike
0-2: Foul Ball, location: 7LDF
0-2: Foul Ball, location: 23F
0-2: Ball
1-2: Ball
2-2: Strikes out looking
Batting: RHB Justin Bradshaw 0-0: Called Strike
0-1: Foul Ball, location: 2F
0-2: Fly out, F9 (Flyball, 9D, EV 106.9 MPH)
Top of the 9th over - 0 runs, 0 hits, 0 errors, 0 left on base; Rochester 0 - Pawtucket 4
Sunday, April 14th , 2024 - OOTP Baseball 24.11 Build 85